AoeStats
← VIT Liereyy

Arabian Desert

508855921Analyzed
1v1 RM · 8d ago on Sep 24, 2026· 28m 36s· 2 players
Game mode
Random Map
Map size
Tiny (2 player)
Population
200
Speed
Normal
Resources
Standard
Victory
Conquest
Starting age
Dark Age
Ending age
Imperial Age
RankedLock teamsTeams togetherTeam positionsShared explorationLock speedFull tech treeHidden civsTurbo modeCheats
Victory
Defeat
🇦🇹 Danes · Austria
2917
+5
🇷🇺 Chinese · Russia
2620
-5
VIT Liereyy
6:35 Loom
8:50 Feudal Age
8:51 Man-at-Arms
9:19 Double-Bit Axe
10:08 Arson
20:04 Castle Age
18:20 Fletching
18:42 Horse Collar
19:25 Scale Mail Armor
21:04 Chain Mail Armor
21:40 Squires
24:58 Forging
27:44 Devotion
SalzZ_wide
0:25 Loom
8:31 Feudal Age
9:12 Double-Bit Axe
14:55 Town Watch
19:54 Castle Age
19:56 Fletching
19:56 Elite Skirmisher
20:34 Bodkin Arrow
20:49 Bow Saw
22:31 Horse Collar
23:27 Wheelbarrow
23:11 Bloodlines
23:13 Gold Mining
Connection lost

Rejoining the realm…

Still unreachable

The connection could not be restored.

Session expired

The server has moved on; the page needs a fresh start.